 Dungeon Crawl Stone Soup version 0.28-a0-1412-gf95308ed99 (webtiles) character file.

Game seed: 16977375363378435083

5435 zap2161 the Frost Mage (level 10, 0/74 HPs)
             Began as a Merfolk Ice Elementalist on Jan 6, 2022.
             Was a Believer of Vehumet.
             Succumbed to a killer bee's poison
             ... on level 9 of the Dungeon.
             The game lasted 01:50:08 (7417 turns).

zap2161 the Frost Mage (Merfolk Ice Elementalist)   Turns: 7417, Time: 01:50:08

Health: 0/74       AC: 16    Str: 20    XL:     10   Next: 68%
Magic:  16/21      EV: 27    Int: 18    God:    Vehumet [**....]
Gold:   433        SH:  9    Dex: 14    Spells: 12/24 levels left

rFire   . . .      SeeInvis .   o - +10 dagger of Dung {freeze, rN+ Str+4}
rCold   . . .      Faith    .   D - +0 kite shield
rNeg    + . .      Spirit   .   q - +0 robe
rPois   +          Reflect  .   M - +0 helmet
rElec   .          Harm     .   A - +0 cloak
rCorr   .          Rampage  .   z - +2 pair of gloves
Will    .....                   (no boots)
Stlth   +++.......              g - amulet of the acrobat
HPRegen 0.22/turn               Q - ring of poison resistance
MPRegen 0.17/turn               k - +6 ring of strength

@: lethally poisoned (0 -> -3), ice-armoured, acrobatic, freezing walls
A: (nimble swimmer 2), mertail
a: Renounce Religion


You were on level 9 of the Dungeon.
You worshipped Vehumet.
Vehumet was pleased with you.
You visited 2 branches of the dungeon, and saw 10 of its levels.

You collected 433 gold pieces.

Inventory:

Hand Weapons
 h - a +0 vorpal shortbow
 o - the +10 dagger of Dung (weapon) {freeze, rN+ Str+4}
   (You found it on level 2 of the Dungeon)

   It freezes those it strikes, dealing additional cold damage.
   It can also slow down cold-blooded creatures.
   Str:       It affects your strength (+4).
   rN:        It protects you from negative energy.
 K - a +3 spear
Missiles
 b - 175 stones
 l - 60 sling bullets
 n - 47 poisoned darts
 r - 8 bolts
 t - 3 throwing nets
 w - 7 boomerangs (quivered)
 G - 4 atropa-tipped darts
 I - 72 arrows
 S - a curare-tipped dart
Armour
 q - a +0 robe (worn)
 z - a +2 pair of gloves (worn)
 A - a +0 cloak (worn)
 D - a +0 kite shield (worn)
 M - a +0 helmet (worn)
Jewellery
 a - a ring of flight
 g - an amulet of the acrobat (around neck)
 k - a +6 ring of strength (right hand)
 u - a ring of ice
 E - an amulet of the acrobat
 N - a ring of resist corrosion
 Q - a ring of poison resistance (left hand)
Wands
 c - a wand of paralysis (11)
 i - a wand of digging (6)
 B - a wand of flame (14)
 C - a wand of mindburst (12)
 P - a wand of polymorph (6)
Scrolls
 d - 6 scrolls of identify
 e - a scroll of enchant armour
 p - a scroll of fear
 v - a scroll of amnesia {unknown}
 F - a scroll of magic mapping {unknown}
 H - a scroll of summoning {unknown}
 L - a scroll of noise {unknown}
 U - a scroll of enchant weapon {unknown}
Potions
 f - 2 potions of degeneration {unknown}
 j - 2 potions of curing {unknown}
 m - 2 potions of attraction {unknown}
 s - a potion of cancellation {unknown}
 O - a potion of magic {unknown}


   Skills:
 * Level 5.0 Fighting
 + Level 3.5 Short Blades
 * Level 4.0 Throwing
 + Level 4.6 Dodging
 + Level 4.9 Stealth
 * Level 3.7 Shields
 * Level 7.7 Spellcasting
 * Level 4.8 Hexes
 * Level 9.6 Ice Magic
 + Level 0.1 Evocations


You had 12 spell levels left.
You knew the following spells:

 Your Spells              Type           Power      Damage    Failure   Level
a - Freeze                Ice            100%       1d11      1%          1
b - Ensorcelled Hibernat  Hex/Ice        66%        N/A       2%          2
c - Ozocubu's Armour      Ice            41%        N/A       1%          3
d - Frozen Ramparts       Ice            82%        1d10      1%          3
e - Tukima's Dance        Hex            24%        N/A       12%         3

Your spell library contained the following spells:

 Spells                   Type           Power      Damage    Failure   Level
 Scorch                   Fire           12%        2d5       41%         2
 Magic Dart               Conj           24%        1d4       30%         1
 Portal Projectile        Hex/Tloc       30%        N/A       32%         3
 Hailstorm                Conj/Ice       24%        3d7       38%         4
 Call Canine Familiar     Summ           6%         N/A       65%         3
 Conjure Flame            Conj/Fire      6%         6-21      65%         3
 Ignite Poison            Fire/Tmut/Pois 6%         N/A       65%         3
 Leda's Liquefaction      Hex/Erth       7%         N/A       73%         4
 Sticky Flame             Conj/Fire      6%         2d3       96%         4
 Irradiate                Conj/Tmut      3%         3d14      100%        5
 Enfeeble                 Hex            12%        N/A       100%        7


Dungeon Overview and Level Annotations

Branches:
Dungeon (9/15)             Temple (1/1) D:5
   Lair: D:8-11         Orc: D:9-12

Altars:
Ashenzari
Cheibriados
Elyvilon
Hepliaklqana
Kikubaaqudgha
Makhleb
Qazlal
Ru
Sif Muna
Trog
Uskayaw
Vehumet
Wu Jian
Xom
Yredelemnul
Zin
The Shining One
Beogh

Shops:
D:3 :[!:(


Innate Abilities, Weirdness & Mutations

((You are very nimble when in or above water. (Stealth+, EV+, Speed+++)))
Your lower body shifts to a powerful aquatic tail in water.


Message History

You block the killer bee's attack.
Hit: o) +10 dagger of Dung {freeze, rN+ Str+4}
Press: ? - help, Dir - move target, f/p - killer bee
Aim: a killer bee (about 45% to evade the +10 dagger of Dung)
You miss the killer bee.
You feel very sick. You block the killer bee's attack.
The killer bee misses you. The killer bee barely misses you.
The killer bee closely misses you.
Casting: Ozocubu's Armour (safe; 1% risk of failure)
Confirm with . or Enter, or press ? or * to list all spells.
You feel a surge of power! A film of ice covers your body!
You feel sick. The killer bee closely misses you.
You block the killer bee's attack.
The killer bee stings you but does no damage.
The killer bee completely misses you.
You remove your ring of ice.
You feel sick. The killer bee stings you.
* * * LOW HITPOINT WARNING * * *
You block the killer bee's attack.
Q - a ring of poison resistance (left hand)
The killer bee stings you but does no damage.
The killer bee stings you.
* * * LOW HITPOINT WARNING * * *
Hit: o) +10 dagger of Dung {freeze, rN+ Str+4}
Press: ? - help, Dir - move target, f/p - killer bee
Aim: a killer bee (about 45% to evade the +10 dagger of Dung)
Okay, then.
Casting: Ozocubu's Armour (safe; 1% risk of failure)
Confirm with . or Enter, or press ? or * to list all spells.
Casting: Frozen Ramparts (safe; 1% risk of failure)
Press: ? - help, Dir - look around, f - activate The walls around you are covered in ice.
* * * LOW HITPOINT WARNING * * *
You feel sick.
The wall freezes the killer bee but does no damage.
The wall freezes the killer bee.
The killer bee closely misses you.
The wall freezes the killer bee but does no damage.
The killer bee stings you but does no damage.
The wall freezes the killer bee. x2; You block the killer bee's attack.
The wall freezes the killer bee.
The killer bee stings you.
* * * LOW HITPOINT WARNING * * *
You die...

.......#.'...#...#
.......#.###.#.#.###
.......#.# #)#.#...#
.......'.# #.#####.#
.......### #.....#.#
.......# #.#####.#.#
.......# #.........#
##'##### ######'####
#....# #.@y# #####.###
#####y###
........#####.$..y..#
...........##.†.†...#
........##.##.......#
........# ..........#
........#####...[......
........# #.......###
........# #.......#


You could see 3 killer bees.

Vanquished Creatures
  2 two-headed ogres
  Psyche (D:8)
  2 steam dragons
  An acid dragon (D:9)
  Menkaure (D:6)
  A water moccasin (D:7)
  3 orc warriors
  2 sky beasts
  An ice beast (D:7)
  2 necrophages
  4 ogres
  2 phantoms
  2 centaurs
  2 kobold brigands
  2 bullfrogs
  2 gnoll sergeants
  4 scorpions
  8 killer bees
  A howler monkey (D:4)
  4 wights (D:6)
  2 jellies
  A hound (D:4)
  A centaur skeleton (D:4)
  2 gnoll shamans
  3 orc priests
  Jessica (D:2)
  A bullfrog skeleton (D:6)
  2 iguanas
  An orc wizard (D:8)
  2 hound skeletons (D:5)
  Robin (D:4)
  21 gnolls
  6 adders
  3 white imps
  An ufetubus (D:5)
  2 adder skeletons (D:4)
  A worm (D:2)
  A dart slug (D:3)
  32 orcs
  5 bats
  7 endoplasms
  5 giant cockroaches
  9 goblins
  11 hobgoblins
  A quokka (D:4)
  7 ball pythons
  4 frilled lizards
  12 kobolds
  14 rats
  A bush (D:4)
207 creatures vanquished.

Vanquished Creatures (others)
  12 plants
12 creatures vanquished.

Grand Total: 219 creatures vanquished

Notes
Turn   | Place    | Note
-------+----------+-------------------------------------------
     0 | D:1      | zap2161 the Merfolk Ice Elementalist began the quest for
                  | the Orb.
     0 | D:1      | Reached XP level 1. HP: 13/13 MP: 3/3
   294 | D:1      | Reached XP level 2. HP: 17/19 MP: 3/5
   421 | D:1      | Learned a level 2 spell: Ensorcelled Hibernation
   861 | D:2      | Reached XP level 3. HP: 21/25 MP: 6/6
   930 | D:2      | Noticed Jessica
   966 | D:2      | Killed Jessica
   967 | D:2      | Reached skill level 5 in Ice Magic
   995 | D:2      | Learned a level 3 spell: Ozocubu's Armour
  1132 | D:2      | Identified the +10 dagger of Dung {freeze, rN+ Str+4}
  1138 | D:2      | Found a faded altar of an unknown god.
  1472 | D:1      | Reached XP level 4. HP: 31/31 MP: 6/8
  1705 | D:3      | Reached skill level 1 in Fighting
  1777 | D:3      | Found Ufivoigh's Distillery.
  1876 | D:3      | Found Meimas's Book Shoppe.
  1890 | D:3      | Found Usafuonk's Antique Armour Emporium.
  1927 | D:3      | Found Ufeuzeu's Antique Weapon Boutique.
  2023 | D:3      | Found Remeyfoklo's Book Shoppe.
  2026 | D:3      | Reached XP level 5. HP: 37/37 MP: 9/9
  2034 | D:3      | Reached skill level 1 in Short Blades
  2099 | D:3      | Reached skill level 1 in Hexes
  2503 | D:4      | Noticed a kobold brigand
  2521 | D:4      | Killed a kobold brigand
  2522 | D:4      | Reached XP level 6. HP: 30/43 MP: 1/10
  2759 | D:4      | Reached skill level 6 in Ice Magic
  2802 | D:4      | Reached XP level 7. HP: 24/50 MP: 1/12
  2865 | D:4      | Noticed Robin
  2908 | D:4      | Killed Robin
  3411 | D:3      | Learned a level 3 spell: Frozen Ramparts
  3440 | D:5      | Entered Level 5 of the Dungeon
  3440 | D:5      | Found a staircase to the Ecumenical Temple.
  3470 | D:5      | Reached skill level 1 in Throwing
  3576 | D:5      | Reached skill level 7 in Ice Magic
  3580 | D:5      | Reached XP level 8. HP: 39/57 MP: 11/14
  3815 | Temple   | Entered the Ecumenical Temple
  3960 | Temple   | Became a worshipper of Vehumet
  4071 | D:5      | Got the Incunabulum of Blows and Bruises
  4124 | D:5      | Noticed a moth of wrath
  4127 | D:5      | Found a bloodstained altar of Trog.
  4177 | D:5      | Reached skill level 5 in Spellcasting
  4299 | D:6      | Reached skill level 1 in Shields
  4327 | D:6      | Noticed Menkaure
  4338 | D:6      | Killed Menkaure
  4452 | D:6      | Reached XP level 9. HP: 41/64 MP: 10/17
  4557 | D:6      | Reached * piety under Vehumet
  4557 | D:6      | Offered knowledge of Sandblast by Vehumet.
  5118 | D:6      | Reached skill level 8 in Ice Magic
  5713 | D:7      | Noticed a two-headed ogre
  5722 | D:7      | Killed a two-headed ogre
  5788 | D:7      | Learned a level 3 spell: Tukima's Dance
  6514 | D:8      | Noticed Psyche
  6517 | D:8      | Killed Psyche
  6518 | D:8      | Reached XP level 10. HP: 68/73 MP: 20/20
  6557 | D:8      | Reached skill level 9 in Ice Magic
  6601 | D:8      | Found a white marble altar of Elyvilon.
  6624 | D:8      | Reached ** piety under Vehumet
  6625 | D:8      | Offered knowledge of Searing Ray by Vehumet.
  7043 | D:8      | Found a glowing silver altar of Zin.
  7213 | D:9      | Offered knowledge of Scorch by Vehumet.
  7359 | D:9      | Noticed a two-headed ogre
  7363 | D:9      | Killed a two-headed ogre
  7364 | D:9      | Reached skill level 5 in Fighting
  7415 | D:9      | HP: 3/74 [killer bee (5)]
  7416 | D:9      | HP: 1/74 [killer bee (1)]
  7417 | D:9      | Succumbed to a killer bee's poison

Illustrated notes

Levels and vault maps discovered:
D:1:      mrwooster_arrival_statue_2, layout_basic, minmay_splitting_lines
D:2:      layout_basic, hellmonk_ecumenical_altar_lost_god,
          guppyfry_early_lair_pool, uniq_jessica
D:3:      layout_basic, serial_shops, shop, shop, nicolae_shop_statue_plus,
          shop, shop_fountains, wad_floor_pattern_1, saegor_snake_ambush
D:4:      layout_gridville, serial_park_tiny_pond, lexackson_kobold_supper,
          uniq_grinder, uniq_robin
D:5:      layout_loops_ring, tgw_trog, minmay_temple_entry_purple_smoke
D:6:      layout_rooms, uniq_menkaure
D:7:      layout_loops_cross, lemuel_round_altar
D:8:      layout_loops_ring, zin_statuary, lemuel_crystal_altar,
          supply_closet_lemuel, uniq_psyche
D:9:      layout_roguey [special_room_orc], nicolae_overflow_hidden_temple,
          nemelex_diamond_rough_becter
Temple:   jpeg_temple_clearing

Skill      XL: |  1  2  3  4  5  6  7  8  9 10 |
---------------+-------------------------------+-----
Ice Magic      | 5 6 7 8 9 |  9.6
Stealth        | 3 4 |  4.9
Fighting       | 1 2 3 4 5 |  5.0
Short Blades   | 1 2 3 |  3.5
Hexes          | 1 2 3 4 |  4.8
Dodging        | 3 4 |  4.6
Spellcasting   | 3 4 5 7 |  7.7
Throwing       | 1 2 3 4 |  4.0
Shields        | 1 3 |  3.7
Evocations     | |  0.1

Action                   |  1- 3 |  4- 6 |  7- 9 | 10-12 || total
-------------------------+-------+-------+-------+-------++-------
Melee: Hand axe          |    42 |       |       |       ||    42
       Punch             |     1 |       |     1 |       ||     2
       Dagger            |     2 |   105 |   169 |    44 ||   320
Throw: Dart              |       |     4 |     2 |       ||     6
       Boomerang         |       |     2 |     9 |    12 ||    23
 Cast: Freeze            |    21 |    32 |    79 |    16 ||   148
       Ozocubu's Armour  |       |     5 |     3 |     5 ||    13
       Frozen Ramparts   |       |       |     2 |     5 ||     7
       Ensorcelled Hiber |       |       |     5 |     4 ||     9
Evoke: Wand              |       |       |     1 |       ||     1
  Use: Scroll            |     1 |     3 |     2 |       ||     6
       Potion            |       |       |     4 |       ||     4
 Stab: Sleeping          |     6 |     4 |    10 |     4 ||    24
Armor: Robe              |    10 |    16 |    65 |    39 ||   130
Dodge: Dodged            |    32 |    52 |   136 |    60 ||   280
Block: Kite shield       |       |       |    52 |    55 ||   107

Table legend: (Time is in decaauts)
 A = Elapsed time spent in this place.
 B = Non-inter-level travel time spent in this place.
 C = Inter-level travel time spent in this place.
 D = Time resting spent in this place.
 E = Time spent auto-exploring this place.
 F = Levels seen in this place.
 G = Mean time per level.
                   A        B        C        D        E       F      G
               +--------+--------+--------+--------+--------+-----+--------+
         Total |   7416 |   7416 |      0 |      0 |      0 |  10 |  741.6 |
       Dungeon |   7253 |   7253 |      0 |      0 |      0 |   9 |  805.9 |
        Temple |    163 |    163 |      0 |      0 |      0 |   1 |  163.0 |
               +--------+--------+--------+--------+--------+-----+--------+

Top non-repeatable levels by time:
     D:6: 1477 daAuts
     D:1: 914 daAuts
     D:4: 908 daAuts
     D:3: 835 daAuts
     D:8: 794 daAuts
     D:2: 775 daAuts
     D:7: 678 daAuts
     D:5: 636 daAuts
     D:9: 232 daAuts
  Temple: 163 daAuts
